 Dungeon Sprint DCSS version 0.28-a0-1524-ge72afd5fc6 (webtiles) character file.

Game seed: 15802733252590911295

844 mhtbhm the Basher (level 7, -3/114 HPs)
             Began as a Troll Fighter on Jan 17, 2022.
             Was an Initiate of Gozag.
             Succumbed to a redback's poison
             ... in the Dungeon (Sprint VII: "The Pits").
             The game lasted 00:01:57 (436 turns).

mhtbhm the Basher (Troll Fighter)                    Turns: 436, Time: 00:01:57

Health: -3/114     AC:  4    Str: 27    XL:     7   Next: 68%
Magic:  6/6        EV: 10    Int:  4    God:    Gozag
Gold:   1196       SH:  8    Dex:  9    Spells: 6/6 levels left

rFire   . . .      SeeInvis .   a - +0 mace (vorpal)
rCold   . . .      Faith    .   c - +0 kite shield
rNeg    . . .      Spirit   .   b - +0 robe
rPois   .          Reflect  .   (helmet restricted)
rElec   .          Harm     .   (no cloak)
rCorr   .          Rampage  .   (gloves unavailable)
Will    .....      NoTele   +   (boots unavailable)
Stlth   ..........              (no amulet)
HPRegen 1.09/turn               (no ring)
MPRegen 0.10/turn               (no ring)

@: berserking (expiring), lethally poisoned (-3 -> -26), gold aura, very quick
A: large, unfitting armour, claws 3, regeneration 1, shaggy fur 1, tough skin 1
a: Renounce Religion, Potion Petition, Call Merchant, Bribe Branch


You were in the Dungeon.
You worshipped Gozag.
Gozag was most pleased with you.
You visited 1 branch You collected 1872 gold pieces.
You paid 676 gold pieces to Gozag.

Inventory:

Hand Weapons
 a - a +0 vorpal mace (weapon)
Armour
 b - a +0 robe (worn)
 c - a +0 kite shield (worn)
Scrolls
 j - a scroll of blinking
 l - 5 scrolls of amnesia
 m - a scroll of summoning
Potions
 d - a potion of might
 e - 6 potions of curing
 f - 6 potions of heal wounds
 g - a potion of haste
 h - 4 potions of magic
 i - a potion of berserk rage
 k - 2 potions of invisibility


   Skills:
 + Level 6.8 Fighting
 + Level 8.7 Maces & Flails
 + Level 7.4 Dodging
 + Level 2.3 Stealth
 + Level 6.9 Shields


You had 6 spell levels left.
You didn't know any spells.
Your spell library was empty.

Dungeon Overview and Level Annotations

Branches:
Dungeon (1/1)

Altars:
Ashenzari
Cheibriados
Dithmenos
Elyvilon
Fedhas
Gozag
Hepliaklqana
Kikubaaqudgha
Makhleb
Nemelex Xobeh
Okawaru
Qazlal
Ru
Sif Muna
Trog
Uskayaw
Vehumet
Wu Jian
Xom
Yredelemnul
Zin
The Shining One
Beogh
Jiyva
Lugonu


Innate Abilities, Weirdness & Mutations

You are too large for most types of armour.
You have claws for hands.
Your natural rate of healing is unusually fast.
You are covered in fur. (AC +1)
You have tough skin. (AC +1)


Message History

You block the deep troll's attack.
You see here 63 gold pieces.
You are too injured to fight recklessly!
You are too injured to fight recklessly!
You are too injured to fight recklessly!
You are too injured to fight recklessly!
You are too injured to fight recklessly!
You are too injured to fight recklessly!
You are too injured to fight recklessly!
You are too injured to fight recklessly!
You are too injured to fight recklessly!
You are too injured to fight recklessly!
You are too injured to fight recklessly!
You are too injured to fight recklessly!
You hit the deep troll.
The deep troll is lightly wounded.
You feel extremely sick. The deep troll bites you!
* * * LOW HITPOINT WARNING * * *
The deep troll claws you but does no damage.
The deep troll claws you.
* * * LOW HITPOINT WARNING * * *
You closely miss the deep troll.
The deep troll is lightly wounded.
* * * LOW HITPOINT WARNING * * *
You feel extremely sick.
You hit the deep troll.
The deep troll is lightly wounded.
* * * LOW HITPOINT WARNING * * *
You feel very sick. The deep troll bites you!
* * * LOW HITPOINT WARNING * * *
You block the deep troll's attack. x2
Press: ? - help, v - describe, . - travel The floor.
* * * LOW HITPOINT WARNING * * *
You feel extremely sick.
You feel a strong urge to attack something.
You die...
Your body crumbles into a pile of gold.

#)#))#####'#####'#####++
#.#))#.....##.......#
#.#))#.....##.......#
#)#..###)####.......#
#)##'#.....##...<...#
#.#........##.......#
#.#........##.......#
#'###########.......#
#.......#@.##########
#..#.#..#.## #.##.##.#T#
#.......#)#
#.##.##.#.'..s.+
#..#.#..#'#.T..#
#.......'.#....#
########### ####


You could see a deep troll.

Vanquished Creatures
  A komodo dragon (D)
  A redback (D)
  A water moccasin (D)
  An ogre (D)
  A kobold brigand (D)
  A scorpion (D)
  2 iron imps (D)
  An orc wizard (D)
  A gnoll (D)
  4 orcs (D)
  A bat skeleton (D)
  A giant cockroach (D)
  2 hobgoblins (D)
  11 jackals (D)
  A quokka (D)
  A bat (D)
  2 goblins (D)
33 creatures vanquished.

Notes
Turn   | Place    | Note
-------+----------+-------------------------------------------
     0 | D        | mhtbhm the Troll Fighter began the quest for the Orb.
     0 | D        | Reached XP level 1. HP: 22/22 MP: 0/0
    11 | D        | Noticed a scorpion
    19 | D        | Killed a scorpion
    20 | D        | Reached skill level 2 in Maces & Flails
    20 | D        | Reached XP level 2. HP: 31/32 MP: 1/1
    20 | D        | Reached XP level 3. HP: 38/39 MP: 2/2
    23 | D        | Found a bloodstained altar of Trog.
    23 | D        | Found a shimmering blue altar of Sif Muna.
    23 | D        | Found a viscous altar of Jiyva.
    23 | D        | Found a hazy altar of Hepliaklqana.
    23 | D        | Found an opulent altar of Gozag.
    24 | D        | Found a glowing golden altar of the Shining One.
    24 | D        | Found a glowing silver altar of Zin.
    24 | D        | Found a basalt altar of Yredelemnul.
    24 | D        | Found a shimmering altar of Xom.
    24 | D        | Found an ornate altar of the Wu Jian Council.
    24 | D        | Found a sacrificial altar of Ru.
    24 | D        | Found a stormy altar of Qazlal.
    24 | D        | Found an iron altar of Okawaru.
    24 | D        | Found a sparkling altar of Nemelex Xobeh.
    24 | D        | Found a burning altar of Makhleb.
    24 | D        | Found a blossoming altar of Fedhas.
    24 | D        | Found a white marble altar of Elyvilon.
    24 | D        | Found a shadowy altar of Dithmenos.
    24 | D        | Found a snail-covered altar of Cheibriados.
    26 | D        | Found a radiant altar of Vehumet.
    26 | D        | Found a corrupted altar of Lugonu.
    27 | D        | Found a hide-covered altar of Uskayaw.
    27 | D        | Found an ancient bone altar of Kikubaaqudgha.
    27 | D        | Found a broken altar of Ashenzari.
    31 | D        | Became a worshipper of Gozag Ym Sagoz the Greedy
   104 | D        | Reached XP level 4. HP: 49/49 MP: 3/3
   121 | D        | Noticed a kobold brigand
   134 | D        | Reached skill level 3 in Maces & Flails
   141 | D        | Killed a kobold brigand
   142 | D        | Reached skill level 5 in Fighting
   142 | D        | Reached skill level 4 in Maces & Flails
   142 | D        | Reached skill level 5 in Dodging
   142 | D        | Reached skill level 5 in Shields
   142 | D        | Reached XP level 5. HP: 43/57 MP: 4/4
   222 | D        | Noticed a water moccasin
   243 | D        | Killed a water moccasin
   244 | D        | Reached skill level 5 in Maces & Flails
   244 | D        | Reached skill level 1 in Stealth
   255 | D        | Reached XP level 6. HP: 39/66 MP: 5/5
   293 | D        | Reached skill level 6 in Maces & Flails
   337 | D        | Noticed a komodo dragon
   353 | D        | Killed a komodo dragon
   354 | D        | Reached skill level 7 in Maces & Flails
   354 | D        | Reached XP level 7. HP: 37/76 MP: 6/6
   367 | D        | Reached skill level 8 in Maces & Flails
   422 | D        | Noticed a redback
   422 | D        | Noticed a deep troll
   430 | D        | Killed a redback
   435 | D        | HP: 1/114 [poisoned by a redback]
   436 | D        | Succumbed to a redback's poison

Illustrated notes

Levels and vault maps discovered:
D:        pitsprint [storerooms_1, entrance_room_1, metal_vault_5, armoury_2,
          mini_pit_1, grid_room_1, main_hall_1, silver_pit, the_coven_3,
          the_vestibule_1, steel_vault_3, golden_pit, hallway_of_sentries,
          crystal_vault_2, iron_vault_2, final_vault]

Skill      XL: |  1  2  3  4  5  6  7 |
---------------+----------------------+-----
Fighting       | 4 5 6 |  6.8
Maces & Flails | 2 4 5 7 8 |  8.7
Dodging        | 4 5 6 7 |  7.4
Shields        | 4 5 6 |  6.9
Stealth        | 1 2 |  2.3

Action                   |  1- 3 |  4- 6 |  7- 9 || total
-------------------------+-------+-------+-------++-------
Melee: Flail             |     5 |       |       ||     5
       Mace              |    20 |    95 |    31 ||   146
Invok: Potion Petition   |       |     1 |       ||     1
  Use: Potion            |     1 |       |     1 ||     2
 Stab: Sleeping          |     1 |       |       ||     1
       Invisible         |       |     2 |     3 ||     5
Armor: Robe              |    10 |    13 |     3 ||    26
Dodge: Dodged            |    20 |    41 |    11 ||    72
Block: Kite shield       |    17 |    32 |    12 ||    61

Table legend: (Time is in decaauts)
 A = Elapsed time spent in this place.
 B = Non-inter-level travel time spent in this place.
 C = Inter-level travel time spent in this place.
 D = Time resting spent in this place.
 E = Time spent auto-exploring this place.
 F = Levels seen in this place.
 G = Mean time per level.
                   A        B        C        D        E       F      G
               +--------+--------+--------+--------+--------+-----+--------+
         Total |    482 |    482 |      0 |     26 |     31 |   1 |  482.0 |
       Dungeon |    482 |    482 |      0 |     26 |     31 |   1 |  482.0 |
               +--------+--------+--------+--------+--------+-----+--------+

Top non-repeatable levels by time:
       D: 482 daAuts
